Map: 凯罗斯中转站-天梯版

Players

INnoVation - Winner!

  • Race: Terran Terran
  • League: Diamond

yohilo

  • Race: Terran Terran
  • League: Silver

Event: WESG 2018 Grand Finals

VOD

Have the link to the VOD?

Description

Time

  • Played on: March 12, 2019, 9:07 a.m.
  • Length: 5:17

All games in this series

Show
View Real Time Build Order
Export as new Build Order

INnoVation Terran - Winner!

Build Orders: 1/1/1, Banshee Rush 

Get SALT Encoding   

  12  0:00  SCV  
  13  0:12  SCV  
  14  0:16  Supply Depot  
  14  0:25  SCV  
  14  0:28  Refinery  
  15  0:38  SCV  
  16  0:44  Barracks  
  16  0:50  SCV  
  16  0:55  Refinery  
  17  1:02  SCV  
  18  1:14  SCV  
  19  1:32  Orbital Command, Factory  
  19  1:37  Reaper  
  20  1:49  Supply Depot  
  20  1:53  Bunker  
  20  1:59  SCV  
  21  2:11  Marine  
  21  2:12  SCV  
  23  2:17  Hellion  
  25  2:24  Starport  
  25  2:27  SCV  
  26  2:30  Marine  
  26  2:36  Supply Depot  
  27  2:39  Factory Tech Lab  
  27  2:41  SCV  
  28  2:53  Barracks Reactor, SCV  
  28  3:05  SCV  
  28  3:10  Banshee, Cloaking Field  
  32  3:21  Command Center  
  32  3:24  Factory Tech Lab  
  32  3:26  SCV  
  33  3:32  Supply Depot  
  33  3:38  SCV  
  34  3:42  Siege Tank  
  34  3:45  Marine  
  34  3:46  Marine  
  39  3:53  Banshee  
  42  3:57  SCV  
  42  4:01  Supply Depot  
  43  4:04  Marine  
  43  4:05  Marine  
  44  4:12  SCV  
  42  4:18  Siege Tank  
  42  4:23  Marine  
  46  4:24  Marine  
  46  4:27  SCV  
  48  4:41  Marine  
  48  4:42  Marine, SCV  
  48  4:43  Orbital Command  
  51  5:02  SCV  
Show
View Real Time Build Order
Export as new Build Order

yohilo Terran 

Build Orders:  

Get SALT Encoding   

  12  0:00  SCV  
  13  0:13  SCV  
  14  0:19  Supply Depot  
  14  0:25  SCV  
  15  0:40  SCV  
  15  0:42  Barracks  
  16  0:47  Refinery  
  16  0:52  SCV  
  17  1:05  SCV  
  18  1:17  SCV  
  19  1:29  SCV  
  19  1:31  Reaper  
  21  1:42  SCV  
  22  1:48  Command Center  
  22  1:54  SCV  
  23  1:57  Refinery  
  23  1:58  Supply Depot  
  23  2:10  Factory  
  23  2:18  Orbital Command  
  23  2:44  SCV  
  22  3:05  Starport  
  22  3:19  Marine, SCV  
  23  3:24  Supply Depot  
  23  3:31  SCV  
  24  3:37  Bunker, Marine  
  24  3:40  Hellion  
  27  3:43  SCV  
  28  3:53  Fusion Core  
  28  3:55  Marine, Starport Tech Lab  
  29  3:56  SCV  
  29  4:01  Hellion  
  32  4:12  Marine  
  31  4:21  SCV  
  32  4:28  Starport  
  32  4:30  Marine  
  25  4:46  SCV  
  25  4:48  Marine  
  23  4:58  SCV  
Tags
 
Add a new tag
Caveats
  • Supply blocks, unpowered buildings, or Contaminate may cause inaccurate times.
  • Supply counts are checked every 10 seconds.